 Dungeon Crawl Stone Soup version 0.30-a0-719-gcc4359ea44 (webtiles) character file.

Game seed: 1655930475304357780

1928 voltaire321 the Stinger (level 9, 0/59 HPs)
             Began as an Octopode Venom Mage on Jan 26, 2023.
             Was an Initiate of Wu Jian.
             Slain by a gnoll sergeant
             ... wielding a +0 spear
              (7 damage)
             ... on level 7 of the Dungeon.
             The game lasted 00:23:49 (6726 turns).

voltaire321 the Stinger (Octopode Venom Mage)       Turns: 6726, Time: 00:23:50

Health: 0/59       AC:  5    Str: 12    XL:     9   Next: 17%
Magic:  10/15      EV: 15    Int: 19    God:    Wu Jian [......]
Gold:   358        SH:  0    Dex: 14    Spells: 7/17 levels left

rFire   . . .      SeeInvis +      - Unarmed
rCold   + . .      Faith    .    (no shield)
rNeg    + . .      Spirit   .    (helmet restricted)
rPois   .          Reflect  .    (no amulet)
rElec   +          Harm     .    b - ring of Ajossof {rElec rC+ rN+ AC+4 Str+4}
rCorr   .          Rampage  .    x - ring of see invisible
Will    .....                    (no ring)
Stlth   +++                      (no ring)
HPRegen 0.29/turn                (no ring)
MPRegen 0.14/turn                (no ring)
                                 (no ring)
                                 (no ring)

@: no status effects
A: almost no armour, amphibious, 8 rings, camouflage 1, gelatinous body 1,
(nimble swimmer 1), tentacles
a: Renounce Religion


You were on level 7 of the Dungeon.
You worshipped Wu Jian.
Wu Jian was noncommittal.
You visited 2 branches of the dungeon, and saw 8 of its levels.

You collected 408 gold pieces.
You spent 50 gold pieces at shops.

Inventory:

Hand Weapons
 c - a +3 dagger of chaos
Missiles
 u - a throwing net
Jewellery
 b - the ring of Ajossof (left tentacle) {rElec rC+ rN+ AC+4 Str+4}
   (You acquired it on level 5 of the Dungeon)

   [ring of protection]

   AC:        It affects your AC (+4).
   Str:       It affects your strength (+4).
   rC:        It protects you from cold.
   rElec:     It insulates you from electricity.
   rN:        It protects you from negative energy.
 h - an amulet of faith
 j - a ring of flight
 x - a ring of see invisible (right tentacle)
Wands
 i - a wand of quicksilver (7)
 k - a wand of iceblast (37)
 t - a wand of polymorph (25)
Scrolls
 d - 4 scrolls of teleportation
 e - a scroll of enchant armour
 n - a scroll of fear
 v - a scroll of fog
 y - a scroll of enchant weapon
Potions
 a - 3 potions of magic
 f - a potion of cancellation {unknown}
 g - 4 potions of curing
 l - a potion of might {unknown}
 m - a potion of lignification {unknown}
 r - 2 potions of heal wounds
 s - a potion of degeneration {unknown}
 w - 3 potions of mutation {unknown}


   Skills:
 + Level 4.4 Fighting
 + Level 4.9 Dodging
 - Level 2.6 Stealth
 + Level 3.1 Unarmed Combat
 + Level 4.5 Spellcasting
 + Level 4.5 Transmutations
 + Level 4.0 Air Magic
 + Level 6.5 Poison Magic


You had 7 spell levels left.
You knew the following spells:

 Your Spells              Type           Power      Damage    Failure   Level
a - Sting                 Tmut/Pois      100%       1d8       1%          1
b - Poisonous Vapours     Pois/Air       48%        N/A       2%          2
c - Olgreb's Toxic Radia  Pois           29%        N/A       9%          4
d - Spider Form           Tmut/Pois      25%        N/A       4%          3

Your spell library contained the following spells:

 Spells                   Type           Power      Damage    Failure   Level
 Mephitic Cloud           Conj/Pois/Air  17%        N/A       9%          3
 Magic Dart               Conj           16%        1d3       13%         1
 Ensorcelled Hibernation  Hex/Ice        8%         N/A       21%         2
 Searing Ray              Conj           8%         2d4       21%         2
 Anguish                  Hex/Necr       2%         N/A       78%         4
 Animate Dead             Necr           4%         N/A       78%         4
 Fulminant Prism          Conj/Hex       2%         3d5       78%         4
 Haunt                    Necr/Summ      2%         N/A       100%        7
 Infestation              Necr           2%         N/A       100%        8


Dungeon Overview and Level Annotations

Branches:
Dungeon (7/15)             Temple (1/1) D:7

Altars:
Ashenzari
Cheibriados
Dithmenos
Elyvilon
Fedhas
Gozag
Hepliaklqana
Makhleb
Nemelex Xobeh
Okawaru
Qazlal
Sif Muna
Uskayaw
Vehumet
Wu Jian
Xom
Zin
The Shining One

Shops:
D:1 (   D:6 !

Annotations:
D:7 1 transporter


Innate Abilities, Weirdness & Mutations

You cannot wear most types of armour.
You are amphibious.
You can wear up to eight rings at the same time.
Your skin changes colour to match your surroundings (Stealth+).
Your rubbery body absorbs attacks. (AC +1, EV +1)
((You are camouflaged when in or above water. (Stealth+)))
You have tentacles for arms and can constrict up to eight enemies at once.


Message History

a +0 spear; a +0 flail You bite the gnoll!
The gnoll is severely wounded.
You hit the gnoll.
You kill the gnoll!
The Council accepts your kill. The gnoll barely misses you.
The gnoll sergeant hits you but does no damage.
You barely miss the gnoll sergeant. The gnoll hits you with a +0 flail!
The gnoll sergeant completely misses you.
You hit the gnoll sergeant.
The gnoll sergeant is poisoned.
The gnoll sergeant is lightly wounded.
The gnoll misses you.
The gnoll sergeant completely misses you.
You hit the gnoll sergeant but do no damage.
The gnoll sergeant looks as sick as possible!
The gnoll sergeant is lightly wounded.
The gnoll completely misses you.
The gnoll sergeant hits you with a +0 spear.
You hit the gnoll but do no damage. The gnoll hits you but does no damage.
The gnoll sergeant hits you with a +0 spear!
* * * LOW HITPOINT WARNING * * *
You hit the gnoll.
The gnoll is poisoned.
The gnoll is moderately wounded.
The gnoll completely misses you.
The gnoll sergeant hits you with a +0 spear.
* * * LOW HITPOINT WARNING * * *
You hit the gnoll.
The gnoll looks as sick as possible!
The gnoll is severely wounded.
Your transformation has ended.
The gnoll hits you but does no damage.
The gnoll sergeant hits you with a +0 spear.
* * * LOW HITPOINT WARNING * * *
You tentacle-slap the gnoll sergeant but do no damage.
Your grab misses the gnoll sergeant. The gnoll sergeant blocks your attack.
The gnoll sergeant is severely wounded.
You kill the gnoll!
The Council accepts your kill.
The gnoll sergeant hits you with a +0 spear!
You die...

... #......# ### ....
#..... #.# ....## #....
##.### ......##..# ....
..........# ...
.......)..# ##.##
..........###### #...###
##....#).......###.....#
#....#@g#.............#
##....)##.......(.#....
#..#...#.###....##....
##.#.....).....## ....
..............## ##..
...#.##...........# ..
...###...............#..
...... ..
##.................
..... .
#........#..##.....


You could see a gnoll sergeant (very poisoned).

Vanquished Creatures
  A water moccasin (D:7)
  2 ogres
  2 centaurs
  2 phantoms
  A kobold brigand (D:6)
  4 bullfrogs
  3 scorpions
  A howler monkey (D:6)
  3 hounds
  4 jellies
  A gnoll bouda (D:6)
  An orc priest (D:6)
  5 iguanas
  Terence (D:3)
  An orc wizard (D:4)
  Robin (D:3)
  12 gnolls
  11 adders
  A shadow imp (D:7)
  2 white imps
  A worm (D:2)
  14 orcs
  7 ball pythons
  5 bats
  8 endoplasms
  2 giant cockroaches
  18 goblins
  17 hobgoblins
  3 jackals
  4 quokkas
  3 frilled lizards
  7 kobolds
  6 rats
154 creatures vanquished.

Vanquished Creatures (others)
  3 plants (D:3)
3 creatures vanquished.

Grand Total: 157 creatures vanquished

Notes
Turn   | Place    | Note
-------+----------+-------------------------------------------
     0 | D:1      | voltaire321 the Octopode Venom Mage began the quest for the
                  | Orb.
     0 | D:1      | Reached XP level 1. HP: 11/11 MP: 3/3
   166 | D:1      | Reached XP level 2. HP: 12/18 MP: 1/5
   384 | D:1      | Found Ovaij's Weapon Boutique.
   637 | D:1      | Reached XP level 3. HP: 22/22 MP: 4/6
   725 | D:1      | Reached skill level 1 in Fighting
   819 | D:1      | Reached skill level 4 in Poison Magic
  1222 | D:2      | Learned a level 2 spell: Poisonous Vapours
  1244 | D:2      | Reached XP level 4. HP: 26/28 MP: 3/7
  1833 | D:3      | Learned a level 4 spell: Olgreb's Toxic Radiance
  1898 | D:3      | Identified the +3 ring mail of Resonance {Harm Will- Int+2}
  2123 | D:3      | Reached XP level 5. HP: 33/34 MP: 4/8
  2371 | D:3      | Reached skill level 1 in Air Magic
  2427 | D:3      | Noticed Terence
  2567 | D:3      | Killed Terence
  2700 | D:3      | Noticed Robin
  2705 | D:3      | Killed Robin
  2791 | D:3      | Found a faded altar of an unknown god.
  2857 | D:3      | Found a hazy altar of Hepliaklqana.
  2926 | D:4      | Found a burning altar of Makhleb.
  2977 | D:4      | Reached XP level 6. HP: 32/39 MP: 5/10
  3115 | D:4      | Found a shimmering blue altar of Sif Muna.
  3675 | D:4      | Reached skill level 5 in Poison Magic
  3675 | D:4      | Reached XP level 7. HP: 39/45 MP: 3/11
  4135 | D:4      | Learned a level 3 spell: Spider Form
  4203 | D:5      | Entered Level 5 of the Dungeon
  4281 | D:5      | Identified a scroll of acquirement
  4281 | D:5      | Acquired the ring of Ajossof {rElec rC+ rN+ AC+4 Str+4}
  4502 | D:5      | Reached skill level 1 in Unarmed Combat
  4515 | D:5      | HP: 2/46 [orc/+0 whip (6)]
  4966 | D:5      | Reached XP level 8. HP: 31/52 MP: 0/13
  5507 | D:6      | Found Asengim's Distillery.
  5512 | D:6      | Bought a potion of heal wounds for 50 gold pieces
  5721 | D:6      | Reached skill level 6 in Poison Magic
  6306 | D:7      | Found a staircase to the Ecumenical Temple.
  6331 | Temple   | Entered the Ecumenical Temple
  6389 | Temple   | Upgraded the game from 0.30-a0-718-geaa24f58ff to
                  | 0.30-a0-719-gcc4359ea44
  6440 | D:7      | Found a transporter.
  6440 | D:7      | Identified the +9 dire flail of Corruption {vamp, Int+5}
  6440 | D:7      | Noticed a two-headed ogre
  6509 | D:7      | Found an ornate altar of the Wu Jian Council.
  6516 | D:7      | Became a worshipper of the Wu Jian Council
  6527 | D:7      | Reached XP level 9. HP: 58/58 MP: 12/15
  6726 | D:7      | Slain by a gnoll sergeant

Illustrated notes

Levels and vault maps discovered:
D:1:      lightli_arrival_flooded_house, layout_loops_ring, serial_shops,
          nicolae_shop_bloodbath_and_beyond, minmay_tetromino_o4
D:2:      layout_loops_corners
D:3:      corexii_shack_village, layout_rooms, marbit_many_paths,
          chequers_ecumenical_altar_lobes, minmay_statues_item, uniq_terence,
          uniq_robin
D:4:      layout_loops_corners, kennysheep_orc_sif_temple, bloody_makhleb
D:5:      layout_cave_pools
D:6:      layout_gridville, serial_shops, kennysheep_mini_moat,
          kennysheep_generic_room_9
D:7:      layout_cave_pools, nicolae_kikubaaqudgha_miasma_corner,
          mainiacjoe_overflow_catwalk, minmay_temple_entry_statues,
          gammafunk_ghost_smash
Temple:   zaba_magenta_temple

Skill      XL: |  1  2  3  4  5  6  7  8  9 |
---------------+----------------------------+-----
Fighting       | 1 2 3 4 |  4.4
Poison Magic   | 4 5 6 |  6.5
Transmutations | 2 3 4 |  4.5
Air Magic      | 1 2 3 4 |  4.0
Dodging        | 3 4 |  4.9
Spellcasting   | 3 4 |  4.5
Unarmed Combat | 1 2 3 |  3.1
Stealth        | |  2.6

Action                     |  1- 3 |  4- 6 |  7- 9 || total
---------------------------+-------+-------+-------++-------
  Melee: Unarmed           |    19 |       |   204 ||   223
         Constrict         |    10 |    34 |     5 ||    49
         Tentacles         |    10 |    28 |    13 ||    51
         Dagger            |    27 |   116 |    35 ||   178
         Punch             |       |       |     2 ||     2
   Cast: Sting             |    36 |    64 |    21 ||   121
         Poisonous Vapours |       |    11 |    14 ||    25
         Spider Form       |       |       |    23 ||    23
         Olgreb's Toxic Ra |       |       |     1 ||     1
Ability: Lunge             |       |       |     5 ||     5
    Use: Scroll            |       |       |    14 ||    14
   Stab: Sleeping          |       |       |     2 ||     2
 Armour: Skin              |     3 |     3 |    32 ||    38
  Dodge: Dodged            |    24 |    38 |   201 ||   263

Table legend: (Time is in decaauts)
 A = Elapsed time spent in this place.
 B = Non-inter-level travel time spent in this place.
 C = Inter-level travel time spent in this place.
 D = Time resting spent in this place.
 E = Time spent auto-exploring this place.
 F = Levels seen in this place.
 G = Mean time per level.
                   A        B        C        D        E       F      G
               +--------+--------+--------+--------+--------+-----+--------+
         Total |   6653 |   6490 |    163 |    864 |   4064 |   8 |  831.6 |
       Dungeon |   6558 |   6395 |    163 |    864 |   4012 |   7 |  936.9 |
        Temple |     94 |     94 |      0 |      0 |     52 |   1 |   94.0 |
               +--------+--------+--------+--------+--------+-----+--------+

Top non-repeatable levels by time:
     D:4: 1415 daAuts
     D:3: 1054 daAuts
     D:6: 1009 daAuts
     D:5: 951 daAuts
     D:2: 946 daAuts
     D:1: 859 daAuts
     D:7: 322 daAuts
  Temple: 94 daAuts
